 Dungeon Crawl Stone Soup version 0.32-a0-932-g546787307d (webtiles) character file.

Game seed: 6764971959518983080

70 Chimkentus the Apothecary (level 4, -8/27 HPs)
             Began as an Octopode Alchemist on Apr 14, 2024.
             Mangled by Sigmund
             ... wielding a +0 scythe
              (12 damage)
             ... on level 2 of the Dungeon.
             The game lasted 00:03:56 (1598 turns).

Chimkentus the Apothecary (Octopode Alchemist)      Turns: 1598, Time: 00:03:56

Health: -8/27      AC:  1    Str:  7    XL:     4   Next: 21%
Magic:  7/7        EV: 12    Int: 19    God:
Gold:   119        SH:  0    Dex: 12    Spells: 3/7 levels left

rFire   . . .        (no weapon)
rCold   . . .        (no shield)
rNeg    . . .        (helmet restricted)
rPois   .            (no amulet)
rElec   .            (no ring)
rCorr   .            (no ring)
SInv    .            (no ring)
Will    .....        (no ring)
Stlth   +++          (no ring)
HPRegen 0.24/turn    (no ring)
MPRegen 0.10/turn    (no ring)
                     (no ring)

%: no passive effects
@: mighty, brilliant, slowed, very slow
A: almost no armour, amphibious, 8 rings, camouflage 1, gelatinous body 1,
(nimble swimmer 1), tentacles
a: no special abilities


You were on level 2 of the Dungeon.
You visited 1 branch of the dungeon, and saw 2 of its levels.

You collected 119 gold pieces.

Inventory:

Missiles
 f - 6 poisoned darts
Jewellery
 d - a ring of magical power
Scrolls
 b - 3 scrolls of identify {unknown}
 c - 3 scrolls of poison {unknown}
 g - a scroll of enchant weapon {unknown}
 h - a scroll of blinking {unknown}
 i - a scroll of immolation {unknown}
 j - a scroll of vulnerability {unknown}
Potions
 a - 3 potions of magic


   Skills:
 + Level 2.0 Dodging
 + Level 2.7 Stealth
 + Level 2.3 Spellcasting
 * Level 1.6 Conjurations
 * Level 4.8 Alchemy


You had 3 spell levels left.
You knew the following spells:

 Your Spells              Type           Power      Damage    Failure   Level
a - Sting                 Conj/Alch      84%        1d8       4%          1
b - Mephitic Cloud        Conj/Alch/Air  15%        N/A       21%         3

Your spell library contained the following spells:

 Spells                   Type           Power      Damage    Failure   Level
 Mercury Vapours          Alch/Air       34%        N/A       9%          2
 Olgreb's Toxic Radiance  Alch           31%        N/A       22%         4
 Sticky Flame             Fire/Alch      17%        2d5       52%         4


Dungeon Overview and Level Annotations

Branches:
Dungeon (2/15)

Altars:

Annotations:
D:2 Natasha, Sigmund


Innate Abilities, Weirdness & Mutations

You cannot wear most types of armour.
You are amphibious.
You can wear up to eight rings at the same time.
Your skin changes colour to match your surroundings (Stealth+).
Your rubbery body absorbs attacks. (AC +1, EV +1)
((You are camouflaged when in or above water. (Stealth+)))
You have tentacles for arms and can constrict up to eight enemies at once.


Message History

You now have 119 gold pieces (gained 7).
Natasha, Servant of Life and Death comes into view.
Found a stone staircase leading up.
A hobgoblin comes into view.
A kobold comes into view. It is wielding a +0 dagger.
The hobgoblin shouts!
The kobold shouts!
You hear a shout!
Natasha hisses angrily.
Sigmund the Dreaded comes into view.
He is wielding a +0 scythe.
Sigmund points at you and mumbles some strange words.
The puff of flame hits you! Sigmund casts a spell at you.
You are confused.
Natasha casts a spell at you.
You feel yourself slow down.
Sigmund casts a spell.
Sigmund flickers and vanishes!
Deactivating autopickup; reactivate with Ctrl-A.
It was a potion of might.
You feel very mighty all of a sudden.
It was a potion of curing.
You feel better.
Natasha wildly gestures.
Natasha glows brightly for a moment.
Natasha attacks as she pursues you! Natasha closely misses you.
Natasha stares at you and mumbles some strange words.
You feel as though you will be slow longer.
Natasha attacks as she pursues you! Natasha claws you!
Natasha casts a spell at you. The magic dart hits you.
The hobgoblin attacks as it pursues you!
The hobgoblin hits you.
* * * LOW HITPOINT WARNING * * *
It was a potion of brilliance.
You feel clever all of a sudden. Natasha casts a spell at you.
The magic dart hits you.
* * * LOW HITPOINT WARNING * * *
The hobgoblin hits you.
* * * LOW HITPOINT WARNING * * *
Something hits you!
You die...

#.........#
#.........# #...
#.........# ##...
..... #.........#
.....
......#.........# ....
......###.#.....# #..
..........#K....# #..
......#####hg...# #..
.##....####@....# #..
............##### #..
#.####.......>.# #..
#..............# #..
###.........##########
#..
#.#####............#
#..
#....##............#
#..
####.##............#
#.. #.†.............#
#..


You could see Natasha, a hobgoblin and a kobold.

Vanquished Creatures
  Terence (D:2)
  Natasha (D:2)
  A ribbon worm (D:2)
  An endoplasm (D:1)
  A goblin (D:1)
  3 kobolds
  A quokka (D:2)
  4 ball pythons (D:1)
  3 bats
  2 frilled lizards
  2 rats
20 creatures vanquished.

Notes
Turn   | Place    | Note
-------+----------+-------------------------------------------
     0 | D:1      | Chimkentus the Octopode Alchemist began the quest for the
                  | Orb.
     0 | D:1      | Reached XP level 1. HP: 11/11 MP: 3/3
   316 | D:1      | Reached XP level 2. HP: 12/17 MP: 0/5
  1184 | D:2      | Noticed Terence
  1200 | D:2      | Killed Terence
  1201 | D:2      | Reached skill level 4 in Alchemy
  1201 | D:2      | Reached XP level 3. HP: 6/21 MP: 3/6
  1318 | D:2      | Noticed Natasha
  1323 | D:2      | Killed Natasha
  1324 | D:2      | Reached XP level 4. HP: 24/27 MP: 3/7
  1405 | D:2      | Learned a level 3 spell: Mephitic Cloud
  1577 | D:2      | Noticed Natasha
  1586 | D:2      | Noticed Sigmund
  1598 | D:2      | Mangled by Sigmund

Illustrated notes

Levels and vault maps discovered:
D:1:      erik_arrival_blinker_ship, layout_basic, minmay_tromino_i4
D:2:      layout_basic, serial_shops, nicolae_lakefront_shop, dk_noncrumbling_4,
          uniq_sigmund, uniq_terence, uniq_natasha

Skill      XL: |  1  2 |
---------------+-------+-----
Alchemy        | 4 |  4.8
Dodging        | |  2.0
Stealth        | |  2.7
Spellcasting   | |  2.3
Conjurations   | |  1.6

Action                     |  1- 3 |  4- 6 || total
---------------------------+-------+-------++-------
  Melee: Unarmed           |     7 |     1 ||     8
         Tentacles         |     2 |       ||     2
         Constrict         |     1 |     1 ||     2
   Cast: Sting             |    26 |    11 ||    37
    Use: Potion            |       |     3 ||     3
 Armour: Skin              |     3 |    10 ||    13
  Dodge: Dodged            |     4 |     6 ||    10

Table legend: (Time is in decaauts)
 A = Elapsed time spent in this place.
 B = Non-inter-level travel time spent in this place.
 C = Inter-level travel time spent in this place.
 D = Time resting spent in this place.
 E = Time spent auto-exploring this place.
 F = Levels seen in this place.
 G = Mean time per level.
                   A        B        C        D        E       F      G
               +--------+--------+--------+--------+--------+-----+--------+
         Total |   1600 |   1578 |     22 |      4 |   1398 |   2 |  800.0 |
       Dungeon |   1600 |   1578 |     22 |      4 |   1398 |   2 |  800.0 |
               +--------+--------+--------+--------+--------+-----+--------+

Top non-repeatable levels by time:
     D:1: 945 daAuts
     D:2: 655 daAuts
